 Dungeon Crawl Stone Soup version 0.26-a0-612-gd4d190f45e (webtiles) character file.

Game seed: 14040038981203423601

19074 Gargoyl the Fighter (level 12, -4/97 HPs)
             Began as a Gnoll Abyssal Knight on Sept 10, 2020.
             Was a Priest of Lugonu.
             Slain by a wyvern (12 damage)
             ... on level 11 of the Dungeon.
             The game lasted 00:18:42 (14418 turns).

Gargoyl the Fighter (Gnoll Abyssal Knight)         Turns: 14418, Time: 00:18:42

Health: -4/97      AC: 17    Str: 24    XL:     12   Next: 65%
Magic:  6/23       EV: 10    Int: 22    God:    Lugonu [***...]
Gold:   682        SH: 14    Dex: 15    Spells: 26/26 levels left

rFire    . . .     SeeInvis +   d - +3 broad axe (venom)
rCold    + . .     Faith    .   t - +3 kite shield
rNeg     . . .     Spirit   .   F - +0 plate armour of the Original Sin {Int+4} (curse)
rPois    .         Reflect  .   x - +2 helmet {SInv}
rElec    .         Harm     .   (no cloak)
rCorr    .                      (no gloves)
MR       +....                  (no boots)
Stlth    ..........             (no amulet)
HPRegen  0.26/turn              v - ring of protection from cold
MPRegen  0.18/turn              z - +6 ring of strength

@: no status effects
A: distributed training, fangs 1, clever 1, magic resistance 1, strong nose
a: Depart the Abyss, Bend Space, Banish, Renounce Religion


You were on level 11 of the Dungeon.
You worshipped Lugonu.
Lugonu was most pleased with you.
You visited 2 branches of the dungeon, and saw 13 of its levels.
You visited the Abyss 2 times.

You collected 1270 gold pieces.
You spent 588 gold pieces at shops.

Inventory:

Hand Weapons
 d - a +3 broad axe of venom (weapon)
 C - a +4 hand axe
 I - a +1 vampiric war axe
Missiles
 c - 28 bolts
 g - 21 boomerangs (quivered)
Armour
 t - a +3 kite shield (worn)
 x - a +2 helmet of see invisible (worn)
 F - the cursed +0 plate armour of the Original Sin (worn) {Int+4}
   (You bought it in a shop on level 8 of the Dungeon)

   It affects your intelligence (+4).
   It has a curse placed upon it.
Jewellery
 v - a ring of protection from cold (left hand)
 z - a +6 ring of strength (right hand)
Wands
 e - a wand of flame (26)
 i - a wand of polymorph (23)
 j - a wand of paralysis (11)
 y - a wand of iceblast (14)
 B - a wand of acid (8)
Scrolls
 l - 3 scrolls of teleportation
 n - a scroll of magic mapping
 p - 2 scrolls of identify
 q - 4 scrolls of remove curse
Potions
 a - a potion of cancellation {unknown}
 b - 7 potions of curing
 f - a potion of heal wounds
 h - 3 potions of brilliance
 k - 4 potions of ambrosia {unknown}
 o - 3 potions of magic {unknown}
 r - 4 potions of flight {unknown}
 s - 5 potions of degeneration {unknown}
 u - a potion of stabbing {unknown}
 w - 4 potions of haste {unknown}
 A - a potion of lignification {unknown}
 D - a potion of invisibility {unknown}
 E - a potion of might {unknown}
 G - a potion of resistance {unknown}


   Skills:
 + Level 10.0 Fighting
 + Level 7.5 Short Blades
 + Level 7.5 Long Blades
 + Level 8.9 Axes
 + Level 7.5 Maces & Flails
 + Level 7.5 Polearms
 + Level 7.5 Staves
 + Level 7.5 Slings
 + Level 7.5 Bows
 + Level 7.5 Crossbows
 + Level 7.5 Throwing
 + Level 8.9 Armour
 + Level 8.0 Dodging
 + Level 7.5 Stealth
 + Level 7.5 Shields
 + Level 7.5 Unarmed Combat
 + Level 7.5 Spellcasting
 + Level 6.2 Conjurations
 + Level 6.2 Hexes
 + Level 6.2 Summonings
 + Level 6.2 Necromancy
 + Level 6.2 Translocations
 + Level 6.2 Transmutations
 + Level 6.2 Fire Magic
 + Level 6.2 Ice Magic
 + Level 6.2 Air Magic
 + Level 6.2 Earth Magic
 + Level 6.2 Poison Magic
 + Level 9.4 Invocations
 + Level 7.5 Evocations


You had 26 spell levels left.
You didn't know any spells.
Your spell library contained the following spells:

 Spells                   Type           Power        Failure   Level
 Beastly Appendage        Tmut           #####.       19%         1
 Corpse Rot               Necr/Air       N/A          28%         2
 Wereblood                Tmut           #####...     28%         2
 Spider Form              Tmut/Pois      #####.....   50%         3
 Stone Arrow              Conj/Erth      #####.       50%         3
 Ice Form                 Ice/Tmut       #####...     88%         4
 Blade Hands              Tmut           #####.....   99%         5
 Bolt of Magma            Conj/Fire/Erth #####.....   99%         5
 Iskenderun's Battlesphe  Conj           #####...     99%         5
 Summon Forest            Summ/Tloc      #####.....   99%         5
 Eringya's Noxious Bog    Tmut/Pois      #####.....   100%        6
 Hydra Form               Tmut           #####.....   100%        6
 Iron Shot                Conj/Erth      #####.....   100%        6
 Orb of Destruction       Conj           #####.....   100%        7
 Spellforged Servitor     Conj/Summ      #####.....   100%        7
 Summon Hydra             Summ           #####.....   100%        7


Dungeon Overview and Level Annotations

Branches:
Dungeon (11/15)            Temple (0/1) D:5            Lair (2/6) D:9
    Orc (0/2) D:11
  Swamp: Lair:2-4    Shoals: Lair:2-4     Snake: Lair:2-4    Spider: Lair:2-4

Altars:
Cheibriados
Gozag
Makhleb
Ru
Uskayaw
Xom

Shops:
D:8 [   D:11 (

Portals:
Trove: D:10 (give +3 gold dragon scales)

Annotations:
Abyss:1 rasy's ghost, novice FoFi


Innate Abilities, Weirdness & Mutations

Your experience applies equally to all skills.
You have very sharp teeth.
Your uncanny sense of smell can sniff out nearby items.
Your mind is acute. (Int +2)
You are resistant to hostile enchantments. (MR+)


Message History

Unknown command.
You slash the wyvern!
The wyvern is poisoned.
You bite the wyvern, but do no damage.
The wyvern is moderately wounded.
You barely miss the bullfrog skeleton.
You block the bullfrog skeleton's attack.
You block the wyvern's attack.
The bullfrog hits you but does no damage.
The bullfrog skeleton hits you but does no damage.
You slash the bullfrog!
The bullfrog is poisoned.
Your bite misses the bullfrog.
The bullfrog is heavily wounded.
You hit the worker ant.
The worker ant is poisoned.
You closely miss the wyvern. You barely miss the bullfrog skeleton.
The wyvern bites you but does no damage.
The bullfrog hits you.
* * * LOW HITPOINT WARNING * * *
The bullfrog skeleton hits you but does no damage.
The wyvern bites you!
You die...

,,******************,,,≈,,,,,*≈,*
****** *,,,,,,,,,,,,,,,,∩*≈,*
*,,,,* *,*****,,,,,,,*****≈,*
*,,,,*******,*****,,,,,,,,≈≈≈≈≈,*
,,,,,,,,,..,,,,,,,,,,,,,,,,,,,*,*
,,,,,,,,,...,,,,,,,,,,,,,,,*,*,,*
,,,,,*,,,#...########,,,,,,,,,,**
,8,8,,***,,,#..Z..>.#,,,,,,*****
,,8,,*,,,*,,#..l@...#,,,,,,*
,8,8,,***,,,#..aF...#,,,,,,*
,,,,,*,,,*,,#.......#,**,,,*
,,,,,*,***,,#.......#,**,,,*
....,,*,*∆,,#.......#,**,,,*
....∆,*,*,,.#.......#,,,,,,*
.....∆*,*,..........#,,,,,,*
,∆$..##*,#.......^..#,***,,*
*,,.:..,,$..#########,* *,,*


You could see a wyvern (very poisoned), a bullfrog (very poisoned), a worker ant
(very poisoned) and a bullfrog skeleton.

Vanquished Creatures
  A two-headed ogre (D:8)
  A centaur warrior (D:11)
  Erica (D:8)
  A dancing weapon (D:8)
  3 death yaks (D:9)
  Pikel (D:8)
  2 cyclopes
  Joseph (D:8)
  A cane toad (Lair:1)
  2 trolls (D:11)
  4 hippogriffs
  A tarantella (shapeshifter) (D:11)
  6 yaks (D:9)
  2 water moccasins (Lair:1)
  7 porcupines
  Duvessa (D:5)
  6 orc warriors
  2 ice beasts (D:6)
  A sky beast (D:6)
  4 black bears
  An eye of draining (D:11)
  A phantom (D:10)
  6 wolves (Lair:2)
  4 ogres
  5 centaurs
  4 crocodiles
  8 bullfrogs
  2 big kobolds
  A wyvern zombie (D:9)
  3 scorpions
  Dowan (D:5)
  A wyvern skeleton (D:7)
  7 wights
  5 howler monkeys
  A crimson imp (D:9)
  A centaur zombie (D:7)
  A quasit (D:6)
  4 hounds
  7 orc priests
  5 jellies
  10 orc wizards
  2 centaur skeletons (D:11)
  4 bullfrog skeletons
  4 iguanas
  7 worker ants
  A killer bee zombie (D:8)
  A hound zombie (D:8)
  2 hound skeletons
  7 gnolls (D:6)
  2 howler monkey skeletons
  10 adders
  A river rat (D:9)
  4 shadow imps
  5 white imps
  2 ufetubi
  An ooze (D:4)
  An adder zombie (D:7)
  2 adder skeletons
  3 worms
  6 leopard geckos
  46 orcs
  10 bats
  3 giant cockroaches
  4 hobgoblins
  5 jackals
  17 kobolds
  10 quokkas
  2 ball pythons
  5 frilled lizards
  10 goblins
  2 jackal skeletons
  9 rats
314 creatures vanquished.

Vanquished Creatures (others)
  A troll (D:11)
  10 fungi (Lair:2)
  8 plants
19 creatures vanquished.

Grand Total: 333 creatures vanquished

Notes
Turn   | Place    | Note
-------+----------+-------------------------------------------
     0 | Abyss:1  | Gargoyl the Gnoll Abyssal Knight began the quest for the
                  | Orb.
     0 | Abyss:1  | Reached XP level 1. HP: 23/23 MP: 3/3
    41 | Abyss:2  | Gained mutation: You are resistant to hostile enchantments.
                  | (MR+) [potion of mutation]
    41 | Abyss:2  | Gained mutation: Your mind is acute. (Int +2) [potion of
                  | mutation]
    67 | Abyss:2  | Identified a scroll of acquirement
    67 | Abyss:2  | Acquired a +2 broad axe of venom
    84 | Abyss:2  | Found a corrupted altar of Lugonu.
    89 | Abyss:2  | Noticed a raiju
    93 | D:1      | Escaped the Abyss
   467 | D:1      | Reached XP level 2. HP: 24/29 MP: 5/5
   859 | D:1      | Reached * piety under Lugonu
  1150 | D:2      | Reached XP level 3. HP: 35/35 MP: 6/6
  1246 | D:2      | Found a faded altar of an unknown god.
  1263 | D:2      | Reached skill level 1 in Short Blades
  1263 | D:2      | Reached skill level 1 in Long Blades
  1263 | D:2      | Reached skill level 1 in Maces & Flails
  1263 | D:2      | Reached skill level 1 in Polearms
  1263 | D:2      | Reached skill level 1 in Staves
  1263 | D:2      | Reached skill level 1 in Slings
  1263 | D:2      | Reached skill level 1 in Bows
  1263 | D:2      | Reached skill level 1 in Crossbows
  1263 | D:2      | Reached skill level 1 in Throwing
  1263 | D:2      | Reached skill level 1 in Stealth
  1263 | D:2      | Reached skill level 1 in Shields
  1263 | D:2      | Reached skill level 1 in Unarmed Combat
  1263 | D:2      | Reached skill level 1 in Spellcasting
  1263 | D:2      | Reached skill level 1 in Evocations
  1318 | D:2      | Reached XP level 4. HP: 41/41 MP: 7/7
  1606 | D:2      | Found a snail-covered altar of Cheibriados.
  1682 | D:2      | Reached ** piety under Lugonu
  1682 | D:2      | Reached skill level 1 in Conjurations
  1682 | D:2      | Reached skill level 1 in Hexes
  1682 | D:2      | Reached skill level 1 in Summonings
  1682 | D:2      | Reached skill level 1 in Necromancy
  1682 | D:2      | Reached skill level 1 in Translocations
  1682 | D:2      | Reached skill level 1 in Transmutations
  1682 | D:2      | Reached skill level 1 in Fire Magic
  1682 | D:2      | Reached skill level 1 in Ice Magic
  1682 | D:2      | Reached skill level 1 in Air Magic
  1682 | D:2      | Reached skill level 1 in Earth Magic
  1682 | D:2      | Reached skill level 1 in Poison Magic
  2195 | D:3      | Found an opulent altar of Gozag.
  2231 | D:3      | Reached XP level 5. HP: 28/47 MP: 8/8
  3050 | D:4      | Reached *** piety under Lugonu
  3050 | D:4      | Reached skill level 5 in Invocations
  3050 | D:4      | Reached XP level 6. HP: 30/53 MP: 9/9
  3135 | D:4      | Reached skill level 5 in Axes
  3135 | D:4      | Reached skill level 5 in Armour
  4076 | D:4      | Found a sacrificial altar of Ru.
  4113 | D:5      | Entered Level 5 of the Dungeon
  4194 | D:5      | Noticed Dowan
  4194 | D:5      | Noticed Duvessa
  4203 | D:5      | Killed Dowan
  4206 | D:5      | Killed Duvessa
  4206 | D:5      | Reached skill level 7 in Fighting
  4206 | D:5      | Reached XP level 7. HP: 19/60 MP: 10/10
  4516 | D:5      | Found a staircase to the Ecumenical Temple.
  4782 | D:5      | Found a hide-covered altar of Uskayaw.
  5210 | D:6      | Found a shimmering altar of Xom.
  5295 | D:6      | Reached **** piety under Lugonu
  5313 | D:6      | Reached XP level 8. HP: 65/67 MP: 12/12
  5443 | D:6      | Noticed a cyclops
  5452 | D:6      | Killed a cyclops
  5936 | D:6      | Reached XP level 9. HP: 68/72 MP: 14/14
  6306 | D:6      | Reached skill level 5 in Dodging
  6764 | D:7      | Got a transparent war axe
  6880 | D:7      | Identified the cursed +0 war axe of Circularity {protect,
                  | +Rage rN+ Str+2 Int+2} (You found it on level 7 of the
                  | Dungeon)
  7020 | D:7      | Reached skill level 8 in Fighting
  7022 | D:7      | Reached ***** piety under Lugonu
  7720 | D:8      | Noticed Joseph
  7721 | D:8      | Found Temnuoklu's Antique Armour Shoppe.
  7732 | D:8      | Killed Joseph
  7732 | D:8      | Reached XP level 10. HP: 45/80 MP: 17/17
  7934 | D:8      | Noticed Erica
  7944 | D:8      | Reached skill level 5 in Short Blades
  7944 | D:8      | Reached skill level 5 in Long Blades
  7944 | D:8      | Reached skill level 5 in Maces & Flails
  7944 | D:8      | Reached skill level 5 in Polearms
  7944 | D:8      | Reached skill level 5 in Staves
  7944 | D:8      | Reached skill level 5 in Slings
  7944 | D:8      | Reached skill level 5 in Bows
  7944 | D:8      | Reached skill level 5 in Crossbows
  7944 | D:8      | Reached skill level 5 in Throwing
  7944 | D:8      | Reached skill level 5 in Stealth
  7944 | D:8      | Reached skill level 5 in Shields
  7944 | D:8      | Reached skill level 5 in Unarmed Combat
  7944 | D:8      | Reached skill level 5 in Spellcasting
  7944 | D:8      | Reached skill level 5 in Evocations
  7948 | D:8      | Killed Erica
  8049 | D:8      | Found a burning altar of Makhleb.
  8364 | D:8      | Noticed a two-headed ogre
  8372 | D:8      | Killed a two-headed ogre
  8510 | D:8      | Found a runed translucent door.
  8510 | D:8      | Found a shimmering altar of Xom.
  8510 | D:8      | Noticed rasy's ghost (novice FoFi)
  8510 | D:8      | Noticed a +1 hand axe of chaos
  8522 | D:8      | Got a faintly humming leather armour
  8524 | D:8      | Identified the cursed +0 leather armour "Wast" {Int-3 Dex+3
                  | Stlth+} (You found it on level 8 of the Dungeon)
  8923 | D:8      | Banished rasy's ghost
  8930 | D:8      | Killed a +1 hand axe of chaos
  8930 | D:8      | Reached XP level 11. HP: 31/87 MP: 15/19
  9212 | D:9      | Noticed Pikel
  9225 | D:8      | Killed Pikel
  9228 | D:8      | Reached skill level 9 in Fighting
  9490 | D:9      | Reached skill level 5 in Conjurations
  9490 | D:9      | Reached skill level 5 in Hexes
  9490 | D:9      | Reached skill level 5 in Summonings
  9490 | D:9      | Reached skill level 5 in Necromancy
  9490 | D:9      | Reached skill level 5 in Translocations
  9490 | D:9      | Reached skill level 5 in Transmutations
  9490 | D:9      | Reached skill level 5 in Fire Magic
  9490 | D:9      | Reached skill level 5 in Ice Magic
  9490 | D:9      | Reached skill level 5 in Air Magic
  9490 | D:9      | Reached skill level 5 in Earth Magic
  9490 | D:9      | Reached skill level 5 in Poison Magic
  9548 | D:9      | Noticed an oklob plant
  9549 | D:9      | Banished an oklob plant
  9572 | D:9      | Found a shimmering altar of Xom.
  9951 | D:9      | Noticed a death yak
  9952 | D:9      | Noticed a death yak
  9961 | D:9      | Noticed a death yak
  9966 | D:9      | Killed a death yak
  9977 | D:9      | Killed a death yak
  9980 | D:9      | HP: 1/89 [death yak (15)]
 10047 | D:9      | Escaped the Abyss
 10483 | D:9      | Found a staircase to the Lair.
 10504 | D:9      | Killed a death yak
 10731 | D:9      | Found a burning altar of Makhleb.
 11218 | D:8      | Bought a distressingly furry plate armour for 588 gold
                  | pieces
 11228 | D:8      | Identified the cursed +0 plate armour of the Original Sin
                  | {Int+4} (You bought it in a shop on level 8 of the Dungeon)
 11311 | D:10     | Entered Level 10 of the Dungeon
 11567 | D:10     | Found a portal to a secret trove of treasure.
 11968 | Lair:1   | Entered Level 1 of the Lair of Beasts
 11989 | Lair:1   | Noticed a seven-headed hydra
 11991 | Lair:1   | Banished a seven-headed hydra
 12120 | Lair:1   | Reached XP level 12. HP: 61/96 MP: 22/22
 13161 | Lair:2   | Noticed a six-headed hydra
 13163 | Lair:2   | Banished a six-headed hydra
 13333 | Lair:2   | Noticed a seven-headed hydra
 13339 | Lair:2   | Banished a seven-headed hydra
 13746 | Lair:2   | Noticed a five-headed hydra
 14128 | D:11     | Found Loq Ezue's Weapon Shoppe.
 14128 | D:11     | Found a staircase to the Orcish Mines.
 14179 | D:11     | HP: 4/97 [cyclops/large rock (19)]
 14346 | D:11     | Noticed a centaur warrior
 14356 | D:11     | Killed a centaur warrior
 14383 | D:11     | Reached skill level 10 in Fighting
 14394 | D:11     | Noticed a six-headed hydra
 14402 | D:11     | Noticed a centaur warrior
 14418 | D:11     | Slain by a wyvern

Illustrated notes

Levels and vault maps discovered:
D:1:      nagdon_arrival_double_spiral, layout_basic, minmay_liquid_box
D:2:      layout_loops_ring, old_standard_altar,
          chequers_ecumenical_altar_simple
D:3:      layout_basic, grunt_gozag_statues
D:4:      layout_basic, nicolae_ru_path_of_blood
D:5:      minmay_spotlight, layout_loops_cross, nicolae_overflow_crystal_walls,
          minmay_temple_entry_drinking_statues, uniq_duvessa
D:6:      kennysheep_windowed_halls, layout_loops_cross, basic_altar
D:7:      layout_basic
D:8:      layout_basic, serial_shops, shop_statue, ebering_ghost_xom,
          lemuel_centaur_altar, uniq_joseph, uniq_erica
D:9:      layout_stronghold, makhleb_grotto_becter, dpeg_lair_monsters,
          lemuel_oklob_altar, uniq_pikel
D:10:     layout_loops_cross, enter_trove_6, grunt_decor_arrowhead
D:11:     minmay_the_grid_square_5x5_4x4_mashed
          [minmay_the_grid_square_5x5_eight_small,
          minmay_the_grid_square_5x5_two_small,
          minmay_the_grid_square_5x5_inset, minmay_the_grid_square_5x5_meh,
          minmay_the_grid_square_5x5_shrine1,
          minmay_the_grid_square_5x5_prize_gold,
          minmay_the_grid_square_5x5_prize_waves,
          minmay_the_grid_square_5x5_corner,
          minmay_the_grid_square_5x5_three_walls,
          minmay_the_grid_square_5x5_prize_snowflake,
          minmay_the_grid_square_5x5_prize_deathbox,
          minmay_the_grid_square_5x5_percent,
          minmay_the_grid_square_5x5_shrine2, minmay_the_grid_square_5x5_seven,
          minmay_the_grid_square_5x5_spiral_small,
          minmay_the_grid_square_5x5_bite], layout_stronghold, orc_david_3,
          portal_ice_cave_rime, minmay_misc_feat_ornament
Lair:1:   layout_chaotic_city
Lair:2:   layout_layer_cave, grunt_megastairs_2

Skill      XL: |  1  2  3  4  5  6  7  8  9 10 11 12 |
---------------+-------------------------------------+-----
Short Blades   | 1 2 3 4 5 6 7 |  7.5
Long Blades    | 1 2 3 4 5 6 7 |  7.5
Maces & Flails | 1 2 3 4 5 6 7 |  7.5
Polearms       | 1 2 3 4 5 6 7 |  7.5
Staves         | 1 2 3 4 5 6 7 |  7.5
Slings         | 1 2 3 4 5 6 7 |  7.5
Bows           | 1 2 3 4 5 6 7 |  7.5
Crossbows      | 1 2 3 4 5 6 7 |  7.5
Throwing       | 1 2 3 4 5 6 7 |  7.5
Stealth        | 1 2 3 4 5 6 7 |  7.5
Shields        | 1 2 3 4 5 6 7 |  7.5
Unarmed Combat | 1 2 3 4 5 6 7 |  7.5
Spellcasting   | 1 2 3 4 5 6 7 |  7.5
Evocations     | 1 2 3 4 5 6 7 |  7.5
Conjurations   | 1 2 3 4 5 6 |  6.2
Hexes          | 1 2 3 4 5 6 |  6.2
Summonings     | 1 2 3 4 5 6 |  6.2
Necromancy     | 1 2 3 4 5 6 |  6.2
Translocations | 1 2 3 4 5 6 |  6.2
Transmutations | 1 2 3 4 5 6 |  6.2
Fire Magic     | 1 2 3 4 5 6 |  6.2
Ice Magic      | 1 2 3 4 5 6 |  6.2
Air Magic      | 1 2 3 4 5 6 |  6.2
Earth Magic    | 1 2 3 4 5 6 |  6.2
Poison Magic   | 1 2 3 4 5 6 |  6.2
Dodging        | 3 4 5 6 7 8 |  8.0
Invocations    | 5 6 7 8 9 |  9.4
Axes           | 5 6 7 8 |  8.9
Armour         | 5 6 7 8 |  8.9
Fighting       | 7 8 9 10 | 10.0

Action                   |  1- 3 |  4- 6 |  7- 9 | 10-12 || total
-------------------------+-------+-------+-------+-------++-------
Melee: Broad axe         |    62 |   144 |   240 |   401 ||   847
       Bite              |     5 |    11 |    30 |    69 ||   115
Invok: Depart the Abyss  |     1 |       |       |     1 ||     2
       Banish            |       |       |       |    10 ||    10
       Enter the Abyss   |       |       |       |     1 ||     1
       Bend Space        |       |       |       |     1 ||     1
  Use: Scroll            |     4 |     6 |     7 |    15 ||    32
       Potion            |     1 |       |       |     3 ||     4
Armor: Chain mail        |    66 |    90 |    91 |       ||   247
       Plate armour      |       |       |    42 |   212 ||   254
Dodge: Dodged            |    35 |    52 |    64 |   154 ||   305
Block: Buckler           |    13 |    28 |       |       ||    41
       Kite shield       |       |    18 |   198 |   410 ||   626

Table legend: (Time is in decaauts)
 A = Elapsed time spent in this place.
 B = Non-inter-level travel time spent in this place.
 C = Inter-level travel time spent in this place.
 D = Time resting spent in this place.
 E = Time spent auto-exploring this place.
 F = Levels seen in this place.
 G = Mean time per level.
                   A        B        C        D        E       F      G
               +--------+--------+--------+--------+--------+-----+--------+
         Total |  14750 |  14024 |    726 |   3831 |   7319 |  16 |  921.9 |
       Dungeon |  12530 |  11844 |    686 |   3187 |   6140 |  11 | 1139.1 |
          Lair |   2065 |   2025 |     40 |    592 |   1148 |   2 | 1032.5 |
         Abyss |    154 |    154 |      0 |     52 |     31 |   3 |   51.3 |
               +--------+--------+--------+--------+--------+-----+--------+

Top non-repeatable levels by time:
     D:9: 2016 daAuts
     D:6: 1814 daAuts
     D:8: 1720 daAuts
     D:4: 1130 daAuts
  Lair:2: 1088 daAuts
     D:1: 1088 daAuts
     D:5: 1070 daAuts
     D:3: 1014 daAuts
  Lair:1: 976 daAuts
     D:2: 899 daAuts
     D:7: 757 daAuts
    D:10: 659 daAuts
    D:11: 358 daAuts
 Abyss:1: 97 daAuts
 Abyss:2: 57 daAuts
